 Dungeon Sprint DCSS version 0.26-a0-812-g31a745ddcd (webtiles) character file.

Game seed: 11962177712295193626

4 mkm the Skirmisher (level 1, -2/22 HPs)
             Began as a Minotaur Berserker on Dec 3, 2020.
             Was a Believer of Trog.
             Slain by a phantom (9 damage)
             ... in the Dungeon (Sprint IX: "|||||||||||||||||||||||||||||").
             The game lasted 00:00:11 (137 turns).

mkm the Skirmisher (Minotaur Berserker)              Turns: 137, Time: 00:00:12

Health: -2/22      AC:  2    Str: 21    XL:     1   Next: 58%
Magic:  0/0        EV: 12    Int:  4    God:    Trog [**....]
Gold:   0          SH:  0    Dex:  9    Spells: 0/0 levels left

rFire    . . .     SeeInvis .   a - +0 mace
rCold    . . .     Faith    .   (no shield)
rNeg     . . .     Spirit   .   b - +0 animal skin
rPois    .         Reflect  .   (helmet restricted)
rElec    .         Harm     .   (no cloak)
rCorr    .         Rampage  .   (no gloves)
MR       .....     NoTele   +   (no boots)
Stlth    +.........             (no amulet)
HPRegen  0.07/turn              (no ring)
MPRegen  0.07/turn              (no ring)

@: no status effects
A: retaliatory headbutt, horns 2
a: Berserk, Trog's Hand, Renounce Religion


You were in the Dungeon.
You worshipped Trog.
Trog was pleased with you.
You visited 1 branch

Inventory:

Hand Weapons
 a - a +0 mace (weapon)
Armour
 b - a +0 animal skin (worn)
Scrolls
 h - a scroll of blinking
Potions
 c - a potion of curing
 d - a potion of heal wounds
 e - a potion of haste
 f - 2 potions of magic
 g - a potion of berserk rage


   Skills:
 + Level 4.4 Fighting
 + Level 4.4 Maces & Flails
 + Level 2.7 Armour
 + Level 2.5 Dodging


You couldn't memorise any spells.
You didn't know any spells.
Your spell library was empty.

Dungeon Overview and Level Annotations

Branches:
Dungeon (1/1)

Altars:


Innate Abilities, Weirdness & Mutations

You reflexively headbutt those who attack you in melee.
You have a pair of horns on your head.


Message History

You hit the phantom but do no damage.
The phantom is lightly damaged.
The phantom blinks!
You hit the worker ant. You headbutt the worker ant.
The worker ant is heavily wounded.
The worker ant closely misses you. The phantom barely misses you.
You furiously retaliate!
You headbutt the phantom. You hit the worker ant.
The worker ant is heavily wounded.
The worker ant barely misses you. You furiously retaliate!
You headbutt the worker ant, but do no damage.
The phantom blinks!
The worker ant bites you but does no damage.
You hit the phantom but do no damage. Your headbutt misses the phantom.
The phantom is moderately damaged.
The phantom barely misses you. The worker ant bites you. The phantom hits you.
You hit the phantom. Your headbutt misses the phantom.
The phantom is moderately damaged.
The worker ant bites you. The phantom hits you!
You die...

▓+▓
▓.▓
▓.▓
▓Z▓
▓B▓
▓S▓
▓B▓
▓@▓
▓W▓
▓.▓
▓.▓
▓)▓
▓†▓
▓.▓
▓.▓
▓.▓


You could see a phantom, 2 worker ants, an adder and a ball python zombie.

Vanquished Creatures
  A goblin (D)
  A hobgoblin (D)
  A ball python (D)
  A bat (D)
  A frilled lizard (D)
5 creatures vanquished.

Notes
Turn   | Place    | Note
-------+----------+-------------------------------------------
     0 | D        | mkm the Minotaur Berserker began the quest for the Orb.
     0 | D        | Reached XP level 1. HP: 19/19 MP: 0/0
     1 | D        | Banished a spatial maelstrom
     8 | D        | Reached ** piety under Trog
   131 | D        | Noticed a worker ant
   131 | D        | Noticed a worker ant
   131 | D        | Noticed a phantom
   137 | D        | Slain by a phantom

Illustrated notes

Levels and vault maps discovered:
D:        linesprint [early_d, line_temple, items_1, d_10, items_2, lair_1,
          lair_end, items_3, orc_1, orc_end, items_4, d_15, swamp_1, shoals_1,
          snake_1, spider_1, d_20, vaults_1, items_5, swamp_end, shoals_end,
          snake_end, spider_end, vaults_end, d_27, items_6, zot_1, zot_end,
          crypt_end, forest_end, elf_end, slime_end, tomb_end, abyss_end,
          pan_hell_end]

Skill      XL: |  1 |
---------------+----+-----
Fighting       | 4 |  4.4
Maces & Flails | 4 |  4.4
Armour         | |  2.7
Dodging        | |  2.5

Action                   || total
-------------------------++-------
Melee: Mace              ||    16
       Headbutt          ||     2
Armor: Animal skin       ||     2
Dodge: Dodged            ||    11

Table legend: (Time is in decaauts)
 A = Elapsed time spent in this place.
 B = Non-inter-level travel time spent in this place.
 C = Inter-level travel time spent in this place.
 D = Time resting spent in this place.
 E = Time spent auto-exploring this place.
 F = Levels seen in this place.
 G = Mean time per level.
                   A        B        C        D        E       F      G
               +--------+--------+--------+--------+--------+-----+--------+
         Total |    140 |    140 |      0 |      0 |    116 |   1 |  140.0 |
       Dungeon |    140 |    140 |      0 |      0 |    116 |   1 |  140.0 |
               +--------+--------+--------+--------+--------+-----+--------+

Top non-repeatable levels by time:
       D: 140 daAuts
